 Dungeon Crawl Stone Soup version 0.30-a0-989-g0d87f670db (webtiles) character file.

Game seed: 13167244234178911636

447 Mickster the Digger (level 6, -8/33 HPs)
             Began as a Deep Elf Earth Elementalist on Apr 1, 2023.
             Killed from afar by Blork the orc (10 damage)
             ... with a puff of flame
             ... on level 5 of the Dungeon on Apr 2, 2023.
             The game lasted 00:52:45 (3784 turns).

Mickster the Digger (Deep Elf Earth Elementalist)   Turns: 3784, Time: 00:52:46

Health: -8/33      AC: 15    Str:  4 (5)  XL:     6   Next: 73%
Magic:  13/14      EV: -1    Int: 17      God:
Gold:   135        SH:  0    Dex: 15      Spells: 9/14 levels left

rFire   . . .      SeeInvis .    l - +6 morningstar
rCold   . . .      Faith    .    (no shield)
rNeg    . . .      Spirit   .    k - +4 chain mail "Juygios" {rElec Int-5 Slay+3}
rPois   .          Reflect  .    (no helmet)
rElec   +          Rampage  .    r - +0 cloak
rCorr   .                        (no gloves)
Will    .....                    (no boots) Stlth
                                 (no amulet)
HPRegen 0.25/turn                (no ring)
MPRegen 0.14/turn                (no ring)

@: very slightly contaminated
A: hooves 1, iridescent scales 1, screaming 1
a: no special abilities


You were on level 5 of the Dungeon.
You visited 1 branch of the dungeon, and saw 5 of its levels.

You collected 187 gold pieces.
You spent 52 gold pieces at shops.

Inventory:

Hand Weapons
 c - a +0 club
 e - a +0 short sword
 h - a +0 hand axe of venom
 l - a +6 morningstar (weapon)
 m - a +0 sling
 o - a +2 dagger of venom
 p - a +3 quarterstaff of chaos
Missiles
 f - 39 stones
Armour
 a - a +0 robe
 g - a +0 plate armour
 k - the +4 chain mail "Juygios" (worn) {rElec Int-5 Slay+3}
   (You found it on level 2 of the Dungeon)

   Int:       It affects your intelligence (-5).
   Slay:      It affects your accuracy & damage with ranged weapons and melee
   (+3).
   rElec:     It insulates you from electricity.
 r - a +0 cloak (worn)
Magical Staves
 d - a staff of poison
Scrolls
 j - 2 scrolls of identify
 n - a scroll of teleportation
 q - 2 scrolls of silence
Potions
 b - 4 potions of magic
 i - a potion of cancellation


   Skills:
 * Level 0.6 Fighting
 - Level 0.5(0.8) Axes
 * Level 0.5(1.0) Maces & Flails
 - Level 1.0(1.2) Staves
 * Level 2.2 Throwing
 + Level 2.7 Dodging
 + Level 2.8 Stealth
 + Level 4.5 Spellcasting
 * Level 1.5 Summonings
 * Level 2.4 Necromancy
 + Level 1.1 Transmutations
 * Level 4.5 Earth Magic
 * Level 2.1 Poison Magic
 * Level 1.9 Evocations


You had 9 spell levels left.
You knew the following spells:

 Your Spells              Type           Power      Damage    Failure   Level
a - Sandblast             Erth           38%        2d10      100%        1
b - Summon Small Mammal   Summ           36%        N/A       100%        1
c - Necrotise             Necr           48%        1d6       100%        1
d - Passwall              Tmut/Erth      10%        N/A       100%        2

Your spell library contained the following spells:

 Spells                   Type           Power      Damage    Failure   Level
 Apportation              Tloc           6%         N/A       100%        1
 Sublimation of Blood     Necr           12%        N/A       100%        2
 Stone Arrow              Conj/Erth      22%        3d8       100%        3
 Vhi's Electric Charge    Tloc/Air       6%         N/A       100%        3
 Petrify                  Tmut/Erth      13%        N/A       100%        4
 Arcjolt                  Conj/Air       1%         1d11      100%        5
 Irradiate                Conj/Tmut      2%         3d12      100%        5
 Yara's Violent Unravell  Hex/Tmut       2%         3d3       100%        5
 Enfeeble                 Hex            1%         N/A       100%        7
 Maxwell's Capacitive Co  Air            1%         ∞         100%        8


Dungeon Overview and Level Annotations

Branches:
Dungeon (5/15)
 Temple: D:4-7

Altars:
Sif Muna
Vehumet

Shops:
D:1 ?!   D:2 [

Annotations:
D:5 Blork the orc


Innate Abilities, Weirdness & Mutations

You have large cloven feet.
You are partially covered in iridescent scales. (AC +2)
You occasionally shout uncontrollably at your foes.


Message History

Casting: Sandblast (safe; 100% risk of failure)
Confirm with . or Enter, or press ? or * to list all spells.
You miscast Summon Small Mammal.
Nothing appears to happen.
Casting: Summon Small Mammal (safe; 100% risk of failure)
Confirm with . or Enter, or press ? or * to list all spells.
Okay, then.
Blork the orc hits you with a +0 scimitar!
You hit Blork the orc.
Blork the orc is moderately wounded.
Blork the orc hits you with a +0 scimitar!
You sock Blork the orc!
You kick Blork the orc, but do no damage.
Blork the orc is heavily wounded.
The orc hits you but does no damage.
Blork the orc suddenly grunts, as Orcs often do.
Blork the orc drinks a potion.
Blork the orc is healed!
The orc hits you with a +0 short sword.
Blork the orc hits you but does no damage.
You puncture Blork the orc! You kick Blork the orc.
Blork the orc is severely wounded.
The orc hits you but does no damage.
Blork the orc hits you with a +0 scimitar!
* * * LOW HITPOINT WARNING * * *
You barely miss Blork the orc.
You punch Blork the orc, but do no damage.
Blork the orc is severely wounded.
The orc hits you but does no damage.
Blork the orc gestures at you while chanting.
The puff of flame hits you.
* * * LOW HITPOINT WARNING * * *
The orc hits you but does no damage.
Keep disrobing? [Y]es or [N]o only, please.
Keep disrobing? [Y]es or [N]o only, please.
Keep disrobing?
You stop removing your armour.
Blork the orc points at you and mumbles some strange words.
The puff of flame hits you!
You die...

### ##.. .### .(.
##.....#.. ......#..
#.....#.. # #.....
#.###.## #..
..###.@...#
#.###.#..oo..#
##.....#.....#
#......#......#
#.....#..<..#.....##
..... #......#.###.#
#... #.....###. ..#
#.. ..#.###.# $. .#
#. ..###. ..#..


You could see Blork the orc and an orc.

Vanquished Creatures
  A black bear (D:4)
  A phantom (D:4)
  Crazy Yiuf (D:4)
  A hound (D:4)
  A jelly (D:4)
  A sleepcap (D:4)
  Natasha (thrice) (D:2)
  4 adders
  3 dart slugs
  3 orcs
  3 endoplasms
  2 giant cockroaches
  7 goblins
  6 hobgoblins
  A jackal (D:2)
  2 quokkas
  5 ball pythons
  4 bats
  6 frilled lizards
  6 kobolds
  3 rats
64 creatures vanquished.

Vanquished Creatures (others)
  9 plants (D:4)
9 creatures vanquished.

Grand Total: 73 creatures vanquished

Notes
Turn   | Place    | Note
-------+----------+-------------------------------------------
     0 | D:1      | Mickster the Deep Elf Earth Elementalist began the quest
                  | for the Orb.
     0 | D:1      | Reached XP level 1. HP: 10/10 MP: 6/6
   102 | D:1      | Found Ved Istre's Distillery.
   304 | D:1      | Reached XP level 2. HP: 12/15 MP: 8/8
   353 | D:1      | Found The Oracle's Delphic Readings.
   389 | D:1      | Learned a level 1 spell: Summon Small Mammal
   391 | D:1      | Learned a level 1 spell: Necrotise
   394 | D:1      | Learned a level 2 spell: Passwall
   740 | D:2      | Found Xepp's Armour Shoppe.
   771 | D:2      | Bought a +0 ring mail for 52 gold pieces
   820 | D:2      | Noticed Natasha
   829 | D:2      | Noticed a crimson imp
   829 | D:2      | Killed Natasha
   830 | D:2      | Reached skill level 1 in Evocations
   830 | D:2      | Reached XP level 3. HP: 6/19 MP: 5/10
  1047 | D:2      | You fall into a shaft and drop 2 floors!
  1070 | D:3      | Found a radiant altar of Vehumet.
  1084 | D:3      | Found a shimmering blue altar of Sif Muna.
  1264 | D:3      | Reached skill level 1 in Poison Magic
  1393 | D:3      | Reached skill level 1 in Staves
  1437 | D:3      | Reached XP level 4. HP: 24/24 MP: 5/11
  1780 | D:2      | Upgraded the game from 0.30-a0-986-g7f2e898f52 to
                  | 0.30-a0-989-g0d87f670db
  1818 | D:2      | Noticed Natasha
  1821 | D:2      | Killed Natasha
  1867 | D:2      | Reached skill level 1 in Throwing
  1877 | D:2      | Identified the +4 chain mail "Juygios" {rElec Int-5 Slay+3}
  2412 | D:2      | Reached XP level 5. HP: 24/28 MP: 10/12
  2434 | D:2      | Noticed Natasha
  2440 | D:2      | Killed Natasha
  2441 | D:2      | Reached skill level 1 in Summonings
  2441 | D:2      | Reached skill level 1 in Necromancy
  2702 | D:4      | Noticed a black bear
  2710 | D:4      | Killed a black bear
  2711 | D:4      | HP: 1/28 [hound (4)]
  2713 | D:4      | Reached XP level 6. HP: 2/33 MP: 10/14
  3428 | D:4      | Gained mutation: You occasionally shout uncontrollably at
                  | your foes. [potion of mutation]
  3428 | D:4      | Gained mutation: You are partially covered in iridescent
                  | scales. (AC +2) [potion of mutation]
  3428 | D:4      | Gained mutation: You have large cloven feet. [potion of
                  | mutation]
  3656 | D:4      | Found a runed translucent door.
  3657 | D:4      | Noticed Crazy Yiuf
  3676 | D:4      | Killed Crazy Yiuf
  3769 | D:5      | Entered Level 5 of the Dungeon
  3775 | D:5      | Noticed Blork the orc
  3783 | D:5      | HP: 1/33 [Blork the orc/puff of flame (4)]
  3784 | D:5      | Killed from afar by Blork the orc

Illustrated notes

Levels and vault maps discovered:
D:1:      wander_arrival_chamber, layout_loops_ring, serial_shops,
          nicolae_shop_stone, minmay_misc_feat_more_columns,
          nicolae_nh_oracle_at_delphi
D:2:      minmay_general_purpose_star, layout_basic, serial_shops, shop,
          hangedman_decor_clover_reticule, lightli_corner_chamber, uniq_natasha
D:3:      layout_basic, nicolae_qazlal_eye_of_the_storm,
          mainiacjoe_overflow_catwalk_spiral, hangedman_decor_points
D:4:      minmay_diamond_boxcup, layout_loops_corners, serial_bayou,
          serial_bayou_pond_a, serial_bayou_shore_b, serial_bayou_shore_a,
          serial_bayou_pond_d, serial_bayou_pond_b, uniq_crazy_yiuf_cottage
D:5:      nicolae_BIG_FREAKIN_CUBE, layout_rooms, hangedman_minor_gate_pass,
          uniq_blork_the_orc

Skill      XL: |  1  2  3  4  5  6 |
---------------+-------------------+-----
Evocations     | 1 |  1.9
Poison Magic   | 1 2 |  2.1
Staves         | 1 |  1.0
Throwing       | 1 2 |  2.2
Spellcasting   | 4 |  4.5
Summonings     | 1 |  1.5
Necromancy     | 1 2 |  2.4
Earth Magic    | 4 |  4.5
Fighting       | |  0.6
Axes           | |  0.5
Maces & Flails | |  0.5
Dodging        | |  2.7
Stealth        | |  2.8
Transmutations | |  1.1

Action                     |  1- 3 |  4- 6 || total
---------------------------+-------+-------++-------
  Melee: Staff             |    20 |       ||    20
         Morningstar       |       |    52 ||    52
         Kick              |       |    13 ||    13
         Punch             |       |     1 ||     1
   Cast: Sandblast         |    40 |    44 ||    84
         Necrotise         |     6 |     1 ||     7
         Summon Small Mamm |     3 |     1 ||     4
    Use: Potion            |     5 |     3 ||     8
         Scroll            |     5 |     1 ||     6
 Armour: Robe              |     8 |     6 ||    14
         Chain mail        |       |     6 ||     6
  Dodge: Dodged            |    34 |    32 ||    66

Table legend: (Time is in decaauts)
 A = Elapsed time spent in this place.
 B = Non-inter-level travel time spent in this place.
 C = Inter-level travel time spent in this place.
 D = Time resting spent in this place.
 E = Time spent auto-exploring this place.
 F = Levels seen in this place.
 G = Mean time per level.
                   A        B        C        D        E       F      G
               +--------+--------+--------+--------+--------+-----+--------+
         Total |   3887 |   3601 |    286 |    900 |      0 |   5 |  777.4 |
       Dungeon |   3887 |   3601 |    286 |    900 |      0 |   5 |  777.4 |
               +--------+--------+--------+--------+--------+-----+--------+

Top non-repeatable levels by time:
     D:2: 1281 daAuts
     D:4: 1262 daAuts
     D:3: 731 daAuts
     D:1: 595 daAuts
     D:5: 16 daAuts
